 Dungeon Crawl Stone Soup version 0.26-a0-49-g0e6732e0a6 (webtiles) character file.

Game seed: 14873496396158528509

6384 Maedhros the Covert (level 10, -7/66 HPs)
             Began as an Octopode Artificer on June 4, 2020.
             Was a High Priest of Cheibriados.
             Mangled by Snorg (16 damage)
             ... on level 10 of the Dungeon.
             The game lasted 00:27:53 (3996 turns).

Maedhros the Covert (Octopode Artificer)            Turns: 3996, Time: 00:27:53

Health: -7/66      AC:  5    Str: 25    XL:     10   Next: 97%
Magic:  14/14      EV: 18    Int: 27    God:    Cheibriados [*****.]
Gold:   736        SH:  5    Dex: 28    Spells: 6/9 levels left

rFire    + . .     SeeInvis +   s - +2 rapier (protect)
rCold    + + .     Gourm    .   p - +0 buckler {reflect}
rNeg     . . .     Faith    .   (helmet restricted)
rPois    .         Spirit   .   l - amulet of magic regeneration
rElec    .         Reflect  +   e - ring of protection from cold
rCorr    .         Harm     .   i - ring of protection from cold
MR       .....                  r - +4 ring of protection
Stlth    +++++++...             u - ring of wizardry
HPRegen  0.21/turn              y - ring of protection from fire
MPRegen  0.39/turn              G - ring of see invisible
                                (no ring)
                                (no ring)

@: about to teleport, very slow
A: almost no armour, stealthy swim, amphibious, 8 rings, constrict 8, tentacle
spike 1, camouflage 1, sense surroundings 1, gelatinous body 1
a: Bend Time, Temporal Distortion, Slouch, Step From Time, Renounce Religion


You were on level 10 of the Dungeon.
You worshipped Cheibriados.
Cheibriados was extremely pleased with you.
You were hungry.

You visited 2 branches of the dungeon, and saw 11 of its levels.

You collected 736 gold pieces.

Inventory:

Hand Weapons
 a - a +0 short sword
 s - a +2 rapier of protection (weapon)
Missiles
 t - 52 sling bullets
 w - 15 poisoned darts
 x - 6 javelins (quivered)
Armour
 p - a +0 buckler of reflection (worn)
Jewellery
 e - a ring of protection from cold (left tentacle)
 i - a ring of protection from cold (right tentacle)
 l - an amulet of magic regeneration (around mantle)
 o - the ring of the Yeti {rC+ rN+++ Stlth-}
   (You found it on level 10 of the Dungeon)

   [ring of attention]

   It protects you from cold.
   It renders you almost immune to negative energy.
   It makes you less stealthy.
 r - a +4 ring of protection (on tentacle)
 u - a ring of wizardry (on tentacle)
 y - a ring of protection from fire (on tentacle)
 A - an uncursed amulet of faith
 G - a ring of see invisible (on tentacle)
Wands
 g - a wand of enslavement (9)
 q - a wand of digging (3)
Scrolls
 b - 2 scrolls of enchant armour {unknown}
 c - a scroll of fog {unknown}
 d - 2 scrolls of blinking {unknown}
 h - 2 scrolls of remove curse {unknown}
 j - 3 scrolls of teleportation
 k - a scroll of fear {unknown}
 n - 2 scrolls of magic mapping {unknown}
 C - 2 scrolls of amnesia
 F - 2 scrolls of identify
Potions
 m - 2 potions of magic
 v - 2 potions of brilliance
 z - 2 potions of mutation
 B - a potion of might
 D - a potion of stabbing
 E - a potion of berserk rage {unknown}
Comestibles
 f - 22 rations


   Skills:
 + Level 5.3 Fighting
 - Level 5.2 Short Blades
 + Level 5.8 Dodging
 * Level 12.1 Stealth
 + Level 7.1 Unarmed Combat
 + Level 1.9 Conjurations
 + Level 1.8 Air Magic
 + Level 2.1 Poison Magic
 * Level 6.3 Invocations
 - Level 3.2 Evocations


You had 6 spell levels left.
You knew the following spells:

 Your Spells              Type           Power        Failure   Level  Hunger
a - Mephitic Cloud        Conj/Pois/Air  ##......     11%         3    ####...

Your spell library contained the following spells:

 Spells                   Type           Power        Failure   Level  Hunger
 Magic Dart               Conj           ##..         4%          1    ##.....
 Blink                    Tloc           N/A          12%         2    ###....
 Call Imp                 Summ           #.......     12%         2    ###....
 Slow                     Hex            #.......     12%         2    ###....
 Conjure Flame            Conj/Fire      #.......     16%         3    ####...


Dungeon Overview and Level Annotations

Branches:
Dungeon (10/15)            Temple (1/1) D:4            Lair (0/6) D:9
    Orc (0/2) D:10

Altars:
Cheibriados
Fedhas
Gozag
Kikubaaqudgha
Makhleb
Nemelex Xobeh
Ru
Wu Jian
Yredelemnul
Zin

Shops:
D:6 =

Annotations:
D:10 Snorg


Innate Abilities, Weirdness & Mutations

You cannot wear most types of armour.
You are very stealthy in the water. (Stealth+)
You are amphibious.
You can wear up to eight rings at the same time.
You can use your tentacles to constrict eight enemies at once.
Your skin changes colour to match your surroundings (Stealth+).
Your rubbery body absorbs attacks. (AC +1, EV +1)
One of your tentacles bears a spike.
You passively map a small area around you.


Message History

You tentacle-slap the yak!
The yak is severely wounded.
You block the yak's attack.
You puncture the yak!
You kill the yak!
Cheibriados thoroughly appreciates the change of pace.
You swing at nothing.
You swing at nothing.
Items here: †††† a yak corpse x4
You now have 736 gold pieces (gained 20).
Snorg the Insatiable comes into view.
Snorg closely misses you. Snorg claws you! Snorg completely misses you.
Snorg goes berserk!
As you read the scroll of teleportation, it crumbles to dust.
You feel strangely unstable. Snorg closely misses you. Snorg claws you!!
Snorg closely misses you. Snorg bites you!!
* * * LOW HITPOINT WARNING * * *
Snorg claws you!
You die...

#....# #..[...'.## #....
#....# #......### #.... ##'###
##+##### ##### #.### #.# .
#...## #.# #####. ###..# #.#
#..... #####'### #.# #.....
#.......#####T###########.....
#.###.#.+....@................
#...#...#####.###########.....
###.##### #.. #..... #.......#
##.# #..... ##'###### .#
#..... #...# .# ###†## ###<#
*.# #.# #.# *.# ##.# #.# * +
###..##


You could see Snorg (berserk).

Vanquished Creatures
  Harold (D:7)
  Sigmund (D:6)
  4 hogs (D:7)
  5 yaks (D:10)
  A human (D:7)
  A hungry ghost (D:8)
  Menkaure (D:6)
  A hornet zombie (D:9)
  3 orc warriors
  2 sky beasts
  3 ice beasts
  2 phantoms
  6 ogres
  A crocodile (D:9)
  7 bullfrogs
  A big kobold (D:7)
  2 scorpions
  A killer bee (D:7)
  6 crimson imps
  9 hounds
  A quasit (D:10)
  2 bullfrog skeletons
  A gnoll shaman (D:8)
  6 orc priests
  9 orc wizards
  A centaur skeleton (D:5)
  2 iguanas
  5 worker ants
  A hound zombie (D:8)
  A worker ant zombie (D:7)
  8 adders
  7 gnolls
  2 shadow imps
  An ooze (D:4)
  6 adder skeletons
  3 worms
  A dart slug (D:2)
  5 leopard geckos
  32 orcs
  2 ball pythons
  6 giant cockroaches
  3 goblins
  13 hobgoblins
  9 jackals
  4 quokkas
  8 bats
  4 frilled lizards
  13 kobolds
  4 rats
218 creatures vanquished.

Vanquished Creatures (collateral kills)
  A killer bee (D:7)
  An orc priest (D:4)
  A worker ant (D:4)
  A leopard gecko (D:5)
  4 orcs
  A hobgoblin (D:8)
  A jackal (D:2)
  A kobold (D:8)
  2 quokkas
  A rat (D:3)
14 creatures vanquished.

Vanquished Creatures (others)
  A killer bee (D:7)
  An ogre (D:8)
  A gnoll (D:5)
  A quokka (D:3)
4 creatures vanquished.

Grand Total: 236 creatures vanquished

Notes
Turn   | Place    | Note
-------+----------+-------------------------------------------
     0 | D:1      | Maedhros the Octopode Artificer began the quest for the
                  | Orb.
     0 | D:1      | Reached XP level 1. HP: 13/13 MP: 3/3
    44 | D:1      | Reached skill level 2 in Stealth
   115 | D:2      | Reached XP level 2. HP: 9/18 MP: 4/4
   130 | D:2      | Reached skill level 3 in Stealth
   290 | D:4      | Noticed an ogre
   304 | D:4      | Killed an ogre
   304 | D:4      | Reached skill level 6 in Stealth
   304 | D:4      | Reached skill level 1 in Unarmed Combat
   304 | D:4      | Reached XP level 3. HP: 6/23 MP: 5/5
   304 | D:4      | Reached XP level 4. HP: 8/28 MP: 6/6
   327 | D:4      | Reached XP level 5. HP: 12/33 MP: 7/7
   348 | D:4      | HP: 1/33 [poisoned by a worker ant]
   431 | D:5      | Entered Level 5 of the Dungeon
   519 | D:5      | Noticed a sky beast
   623 | D:4      | Noticed an ogre
   632 | D:4      | Gained mutation: One of your tentacles bears a spike.
                  | [potion of mutation]
   632 | D:4      | Gained mutation: You passively map a small area around you.
                  | [potion of mutation]
   660 | D:4      | Killed an ogre
   660 | D:4      | Reached XP level 6. HP: 38/38 MP: 8/8
   698 | D:4      | Found a staircase to the Ecumenical Temple.
   708 | Temple   | Entered the Ecumenical Temple
   713 | Temple   | Became a worshipper of Cheibriados the Contemplative
  1190 | D:2      | Reached * piety under Cheibriados
  1743 | D:5      | Reached XP level 7. HP: 43/43 MP: 9/9
  1775 | D:5      | Reached ** piety under Cheibriados
  1780 | D:5      | Reached skill level 7 in Stealth
  1780 | D:5      | Reached skill level 5 in Unarmed Combat
  1941 | D:6      | Noticed Menkaure
  1946 | D:6      | Killed Menkaure
  1946 | D:6      | Reached XP level 8. HP: 51/51 MP: 10/10
  1950 | D:6      | Reached skill level 8 in Stealth
  1981 | D:6      | Found Nyiboq's Jewellery Emporium.
  2043 | D:6      | Noticed Sigmund
  2056 | D:6      | Killed Sigmund
  2056 | D:6      | Reached skill level 9 in Stealth
  2178 | D:6      | Found a sparkling altar of Nemelex Xobeh.
  2261 | D:7      | Reached *** piety under Cheibriados
  2266 | D:7      | Noticed Harold
  2282 | D:7      | Killed Harold
  2282 | D:7      | Reached skill level 10 in Stealth
  2282 | D:7      | Reached XP level 9. HP: 28/58 MP: 11/11
  2399 | D:7      | Reached **** piety under Cheibriados
  2534 | D:7      | Reached skill level 5 in Dodging
  2534 | D:7      | Reached skill level 11 in Stealth
  2534 | D:7      | Reached XP level 10. HP: 52/65 MP: 13/13
  2624 | D:8      | Reached skill level 5 in Invocations
  2732 | D:8      | Reached ***** piety under Cheibriados
  2799 | D:8      | Reached skill level 5 in Short Blades
  2840 | D:8      | Learned a level 3 spell: Mephitic Cloud
  3405 | D:9      | Identified a scroll of acquirement
  3436 | D:9      | Found a staircase to the Lair.
  3455 | D:9      | Reached skill level 1 in Conjurations
  3534 | D:9      | Reached skill level 5 in Fighting
  3609 | D:9      | Reached skill level 1 in Poison Magic
  3631 | D:9      | Reached skill level 1 in Air Magic
  3652 | D:10     | Entered Level 10 of the Dungeon
  3861 | D:10     | Found a staircase to the Orcish Mines.
  3866 | D:10     | Got a smoking tin ring
  3867 | D:10     | Identified the ring of the Yeti {rC+ rN+++ Stlth-} (You
                  | found it on level 10 of the Dungeon)
  3956 | D:10     | Reached skill level 12 in Stealth
  3994 | D:10     | Noticed Snorg
  3996 | D:10     | Mangled by Snorg

Illustrated notes

Levels and vault maps discovered:
D:1:      elethiomel_arrival_quiet, layout_basic
D:2:      layout_basic
D:3:      layout_rooms
D:4:      layout_loops_ring, minmay_temple_entry_overgrown
D:5:      layout_cave_pools, first_ration, minmay_quadrilaterals
D:6:      layout_rooms, nicolae_overflow_hidden_temple, serial_shops,
          shop_coins, uniq_sigmund, uniq_menkaure
D:7:      layout_rooms, grunt_livestock, uniq_harold
D:8:      kennysheep_housing_project, layout_basic
D:9:      layout_irregular_city, dpeg_oklobed_lair, serial_bayou_pond_a
D:10:     layout_roguey, minmay_orc_entry_temple_small, uniq_snorg
Temple:   compressed_dpeg_triangle_lava_temple

Skill      XL: |  1  2  3  4  5  6  7  8  9 10 |
---------------+-------------------------------+-----
Stealth        | 2 6 7 10 11 12 | 12.1
Unarmed Combat | 1 2 4 5 6 7 |  7.1
Short Blades   | 2 4 5 |  5.2
Fighting       | 2 4 5 |  5.3
Dodging        | 3 4 5 |  5.8
Invocations    | 2 4 6 |  6.3
Conjurations   | 1 |  1.9
Poison Magic   | 2 |  2.1
Air Magic      | 1 |  1.8
Evocations     | |  3.2

Action                   |  1- 3 |  4- 6 |  7- 9 | 10-12 || total
-------------------------+-------+-------+-------+-------++-------
Melee: Short sword       |    31 |    44 |       |       ||    75
       Constrict         |     8 |    27 |    40 |    38 ||   113
       Tentacles         |     4 |    16 |    43 |    55 ||   118
       Kick              |       |    21 |    71 |   100 ||   192
       Punch             |       |     2 |    11 |    22 ||    35
       Rapier            |       |    36 |   141 |   158 ||   335
Evoke: Wand              |     6 |    30 |     2 |     6 ||    44
  Use: Potion            |       |     5 |       |     1 ||     6
       Scroll            |       |       |     8 |     3 ||    11
 Stab: Sleeping          |     4 |    17 |    13 |    18 ||    52
       Distracted        |       |     1 |     1 |       ||     2
  Eat: Chunk             |       |     2 |     1 |     3 ||     6
Armor: Skin              |     5 |    24 |    33 |    26 ||    88
Dodge: Dodged            |    22 |    51 |   131 |    94 ||   298
Block: Buckler           |       |       |       |     8 ||     8

Table legend:
 A = Non-vault XP
 B = Vault XP
 C = Vault XP percentage of total XP
 D = Non-vault monster count
 E = Vault monster count
 F = Vault count percentage of total count
                 A         B        C        D         E       F
            +---------+---------+-------+---------+---------+-------
      Total |    5642 |    3479 |  38.1 |     188 |      43 |  18.6
            +---------+---------+-------+---------+---------+-------
        D:1 |      20 |       0 |   0.0 |      13 |       0 |   0.0
        D:2 |      54 |       0 |   0.0 |      20 |       0 |   0.0
        D:3 |      82 |       0 |   0.0 |      26 |       0 |   0.0
        D:4 |     380 |       0 |   0.0 |      14 |       0 |   0.0
        D:5 |     432 |     153 |  26.2 |      15 |       5 |  25.0
        D:6 |     513 |     399 |  43.8 |      15 |       2 |  11.8
        D:7 |     594 |    2049 |  77.5 |      32 |       6 |  15.8
        D:8 |     860 |     875 |  50.4 |      18 |      29 |  61.7
        D:9 |    1127 |       0 |   0.0 |      19 |       0 |   0.0
       D:10 |    1580 |       3 |   0.2 |      16 |       1 |   5.9
            +---------+---------+-------+---------+---------+-------
